 Dungeon Crawl Stone Soup version 0.23.0-3-gf3c87f2 (webtiles) character file.

Game seed: 7611471163956143965

231 Inarius the Chucker (level 5, -1/39 HPs)
             Began as a Vampire Hunter on Feb 21, 2019.
             Slain by Eustachio
             ... wielding a +0 rapier
              (7 damage)
             ... on level 5 of the Dungeon.
             The game lasted 00:06:22 (2507 turns).

Inarius the Chucker (Vampire Hunter)                Turns: 2507, Time: 00:06:23

Health: -1/39      AC:  4    Str:  9 (12) XL:     5   Next: 72%
Magic:  5/5        EV: 12    Int: 12 (14) God:
Gold:   230        SH:  0    Dex: 12 (14) Spells: 4/4 levels left

rFire    . . .     SeeInvis +   o - +0 spear (venom)
rCold    + . .     Gourm    .   (no shield)
rNeg     . . .     Faith    .   b - +0 leather armour
rPois    .         Spirit   .   (no helmet)
rElec    .         Reflect  .   (no cloak)
rCorr    .         Harm     .   i - +0 pair of gloves
MR       .....                  (no boots)
Stlth    ++........             (no amulet)
HPRegen  0.33/turn              x - ring of protection from cold
MPRegen  0.09/turn              m - ring of see invisible

@: flying, very slightly contaminated, regenerating quickly, invisible
A: rotting body, fangs 3, see invisible, unbreathing
a: no special abilities


You were on level 5 of the Dungeon.
You were almost alive.

You visited 1 branch of the dungeon, and saw 5 of its levels.

You collected 230 gold pieces.

Inventory:

Hand Weapons
 a - a +0 short sword
 o - a +0 spear of venom (weapon)
Missiles
 c - 6 javelins (quivered)
 d - 2 throwing nets
Armour
 b - a +0 leather armour (worn)
 i - a +0 pair of gloves (worn)
 j - a +0 scale mail
Jewellery
 m - a ring of see invisible (right hand)
 x - a ring of protection from cold (left hand)
Wands
 v - a wand of random effects (12)
Scrolls
 f - 2 scrolls of remove curse
 h - 6 scrolls of identify {unknown}
 p - a scroll of amnesia {unknown}
 q - a scroll of blinking {unknown}
 r - 2 scrolls of fear {unknown}
 w - a scroll of enchant weapon {unknown}
 z - a scroll of enchant armour {unknown}
 A - a scroll of immolation {unknown}
 C - a scroll of random uselessness {unknown}
 D - 2 scrolls of magic mapping
 F - a scroll of noise {unknown}
Potions
 e - 2 potions of blood
 g - 2 potions of curing
 k - 3 potions of degeneration
 l - a potion of magic {unknown}
 n - a potion of flight
 s - 4 potions of agility
 t - a potion of resistance {unknown}
 u - a potion of might {unknown}
 B - a potion of berserk rage {unknown}


   Skills:
 * Level 2.5 Fighting
 - Level 0.9 Short Blades
 * Level 2.6 Polearms
 + Level 3.8 Throwing
 + Level 1.2 Armour
 * Level 3.0 Dodging
 * Level 3.3 Stealth


You had 4 spell levels left.
You didn't know any spells.
Your spell library contained the following spells:

 Spells                   Type           Power        Failure   Level  Hunger
 Magic Dart               Conj           #...         41%         1    ##.....
 Blink                    Tloc           N/A          56%         2    ###....
 Call Imp                 Summ           #.......     56%         2    ###....
 Slow                     Hex            #.......     56%         2    ###....
 Conjure Flame            Conj/Fire      #.......     80%         3    ####...
 Mephitic Cloud           Conj/Pois/Air  #.......     80%         3    ####...


Dungeon Overview and Level Annotations

Branches:
Dungeon (5/15)
 Temple: D:4-7

Altars:
Ashenzari
The Shining One

Shops:
D:4 [

Annotations:
D:5 Dowan, Duvessa, Eustachio, Ijyb, Prince Ribbit


Innate Abilities, Weirdness & Mutations

Your body is rotting away.
You thrive on raw meat.
Your natural rate of healing is unusually fast.
You have razor-sharp teeth.
You have supernaturally acute eyesight. (SInv)
You can survive without breathing.


Message History

It was a potion of invisibility.
You fade into invisibility!
The bat barely misses you. x2
You are very lightly contaminated with residual magic.
You closely miss the bat. Your bite misses the bat.
The shadow imp disappears in a puff of smoke!
The bat misses you.
You hit Eustachio.
Eustachio is lightly wounded.
The white imp gestures at you.
The puff of frost hits the rat!
The rat dies!
The rat's corpse disappears in a puff of smoke!
Eustachio barely misses you.
You hit Eustachio but do no damage.
Eustachio is poisoned.
Eustachio is lightly wounded.
The white imp gestures at you.
The puff of frost hits the quasit but does no damage.
Eustachio hits you with a +0 rapier!
You die...

*,,,,*********** *,,,,*,,,,,,,,,*
*,,,,*,,,,,,,,,* *,,,,*,,,,,,,,,*
*,,,,',,,,,,,,,# *,,,,*,,,,,,,,.#
*,,,,***,***,5#* ***
***,,,,#####5.####*******,,
*,,,,#..@@b5....,,*,,,,,,
*,,,,#.#####....,,*,,,,,,
*,,,,###*****,,.,,*,,,,,,
*****,,,,**≈*∩*≈*************
*****,,*,,,,,**≈≈_≈≈**,,****,,*,,
,,,,*,,+,,,,,'*≈≈,≈≈*,,,,,,,,,*,,
,,,,*,,*,,,,,**,≈,≈,*,,,,,,,,,*,.
******,*,,,,,***,,,##########+#.>
**,***,**,,,,,***+##............#


You could see Eustachio, a quasit (wandering), 2 white imps and a bat.

Vanquished Creatures
  An orc wizard (D:4)
  3 worker ants (D:4)
  4 adders
  4 worms
  A dart slug (D:1)
  3 leopard geckos
  5 orcs
  4 giant cockroaches
  9 goblins
  13 hobgoblins
  7 jackals
  2 quokkas
  4 bats
  6 frilled lizards
  7 kobolds
  A quokka skeleton (D:4)
  3 rats
77 creatures vanquished.

Notes
Turn   | Place    | Note
-------+----------+-------------------------------------------
     0 | D:1      | Inarius the Vampire Hunter began the quest for the Orb.
     0 | D:1      | Reached XP level 1. HP: 16/16 MP: 1/1
   191 | D:1      | Reached XP level 2. HP: 22/22 MP: 2/2
   958 | D:2      | Reached XP level 3. HP: 23/27 MP: 3/3
  1477 | D:2      | Reached skill level 1 in Polearms
  1559 | D:3      | Reached XP level 4. HP: 33/33 MP: 4/4
  1674 | D:3      | Found a glowing golden altar of the Shining One.
  1876 | D:4      | Found a shattered altar of Ashenzari.
  1946 | D:4      | Reached XP level 5. HP: 25/39 MP: 5/5
  2008 | D:4      | Reached skill level 1 in Armour
  2038 | D:4      | Noticed Blork the orc
  2077 | D:4      | HP: 1/39 [adder (3)]
  2161 | D:4      | Found Exoudiu's Armour Boutique.
  2370 | D:5      | Entered Level 5 of the Dungeon
  2459 | D:5      | Noticed Duvessa
  2459 | D:5      | Noticed a centaur
  2459 | D:5      | Noticed Dowan
  2476 | D:5      | Noticed Prince Ribbit
  2476 | D:5      | Noticed Ijyb
  2485 | D:5      | Noticed Eustachio
  2507 | D:5      | Slain by Eustachio

Skill      XL: |  1  2  3  4  5 |
---------------+----------------+-----
Fighting       | 2 |  2.5
Stealth        | 2 3 |  3.3
Polearms       | 1 2 |  2.6
Armour         | 1 |  1.2
Dodging        | 3 |  3.0
Short Blades   | |  0.9
Throwing       | |  3.8

Action                   |  1- 3 |  4- 6 || total
-------------------------+-------+-------++-------
Melee: Short sword       |    33 |       ||    33
       Bite              |     7 |    12 ||    19
       Spear             |   104 |   144 ||   248
Throw: Javelin           |     1 |       ||     1
  Use: Potion            |       |     7 ||     7
       Scroll            |       |     4 ||     4
 Stab: Sleeping          |     3 |     5 ||     8
       Distracted        |     1 |       ||     1
  Eat: Corpse            |    12 |     4 ||    16
Armor: Leather armour    |    30 |    26 ||    56
Dodge: Dodged            |    85 |    96 ||   181
